 Dungeon Crawl Stone Soup version 0.21.1-1-g345015fe64 (webtiles) character file.

1274 lazystarwing the Cleaver (level 8, 0/70 HPs)
             Began as a Minotaur Berserker on July 29, 2018.
             Was an Elder of Trog.
             Killed from afar by Naridas's ghost (10 damage)
             ... with a puff of flame
             ... on level 5 of the Dungeon.
             The game lasted 00:51:47 (4294 turns).

lazystarwing the Cleaver (Minotaur Berserker)       Turns: 4294, Time: 00:51:48

Health: 0/70       AC: 13    Str: 23    XL:     8   Next: 28%
Magic:  7/7        EV:  8    Int:  4    God:    Trog [****..]
Gold:   289        SH:  0    Dex: 11    Spells: 7/7 levels left

rFire    x . .     SeeInvis .   q - +0 hand axe
rCold    + . .     Gourm    .   (no shield)
rNeg     . . .     Faith    .   d - +0 plate armour
rPois    .         Spirit   .   (helmet restricted)
rElec    .         Reflect  .   f - scarf {repulsion}
rCorr    .         Harm     .   (no gloves)
MR       .....                  (no boots)
Stlth    ..........             t - amulet of rage
HPRegen  0.21/turn              u - ring of ice
MPRegen  0.10/turn              (no ring)

@: repel missiles
A: retaliatory headbutt, horns 2
a: Berserk, Trog's Hand, Brothers in Arms, Burn Spellbooks, Renounce Religion,
Evoke Berserk Rage


You were on level 5 of the Dungeon.
You worshipped Trog.
Trog was greatly pleased with you.
You were not hungry.

You visited 1 branch of the dungeon, and saw 5 of its levels.
You also visited: Ossuary.

You collected 289 gold pieces.

Inventory:

Hand Weapons
 a - a +0 hand axe
 e - a +0 dagger
 q - a +0 hand axe (weapon)
Armour
 b - a +0 animal skin
 d - a +0 plate armour (worn)
 f - a scarf of repulsion (worn)
 m - a +0 naga barding
 r - a +0 ring mail
Jewellery
 t - an amulet of rage (around neck)
 u - a ring of ice (left hand)
Scrolls
 g - a scroll of fog
 h - 6 scrolls of remove curse
 i - a scroll of teleportation
 l - a scroll of magic mapping
 p - a scroll of identify
Potions
 k - a potion of flight
 n - a potion of might {unknown}
 o - a potion of mutation {unknown}
 s - 3 potions of ambrosia
 v - a potion of berserk rage {unknown}
Comestibles
 c - 10 rations
 j - 3 chunks of flesh


   Skills:
 + Level 6.3 Fighting
 + Level 9.2 Axes
 + Level 6.6 Armour
 + Level 3.2 Dodging
 + Level 0.1 Stealth


You had 7 spell levels left.
You didn't know any spells.

Dungeon Overview and Level Annotations

Branches:
Dungeon (5/15)
 Temple: D:4-7

Altars:
Ashenzari
Vehumet

Annotations:
D:5 Naridas's ghost, novice GrFE; Sigmund


Innate Abilities, Weirdness & Mutations

You reflexively headbutt those who attack you in melee.
You have a pair of horns on your head.


Message History

You're too confused to move!
Something hits you.
You feel less confused. Something hits you!
* * * LOW HITPOINT WARNING * * *
You closely miss something. Something hits you!
* * * LOW HITPOINT WARNING * * *
As you read the scroll of teleportation, it crumbles to dust.
You feel strangely unstable. Something hits you but does no damage.
Your surroundings suddenly seem different.
Some of the chunks of flesh in your inventory have rotted away.
You open the door.
Naridas's ghost (novice Gargoyle Fire Elementalist) comes into view.
Naridas's ghost turns its malevolent gaze towards you.
Found a ration, a robe and 5 gold pieces.
Found a shortbow.
There is an open door here.
Naridas's ghost points at you and mumbles some strange words.
The puff of flame hits you! The fire burns you terribly!
You die...

##.....##
####.......##
..#.$.......#
)'..[..%...+
#.#W........#
.........# #.....#
#.@.# ##'## #.# #.#
#.# ####### #.# #.#
#.....###.## #.#
#.###.##...## #.#
#.###.#.....#. #.#
#.##............
#.####.##..###.###...


You could see Naridas's ghost.

Vanquished Creatures
  4 ogres
  A big kobold (D:3)
  Blork the orc (D:5)
  4 centaur zombies (Ossuary)
  A crimson imp (D:5)
  2 hounds (D:5)
  6 human zombies (Ossuary)
  2 orc wizards (D:3)
  A worker ant (D:4)
  3 mummies
  7 gnolls (D:5)
  9 adders
  2 leopard geckos
  14 orcs
  5 giant cockroaches
  10 goblins
  11 hobgoblins
  9 jackals
  2 ball pythons
  8 bats
  3 frilled lizards
  7 hobgoblin zombies
  11 kobolds
  8 kobold zombies (Ossuary)
  A leopard gecko skeleton (D:5)
  11 orc zombies
  14 rats
  3 rat zombies (Ossuary)
160 creatures vanquished.

Notes
Turn   | Place    | Note
-------+----------+-------------------------------------------
     0 | D:1      | lazystarwing the Minotaur Berserker began the quest for the Orb.
     0 | D:1      | Reached XP level 1. HP: 19/19 MP: 0/0
   261 | D:1      | Reached XP level 2. HP: 24/27 MP: 1/1
   283 | D:1      | Reached skill level 4 in Axes
   719 | D:2      | Reached ** piety under Trog
   725 | D:2      | Reached XP level 3. HP: 25/33 MP: 2/2
   908 | D:2      | Reached XP level 4. HP: 17/41 MP: 3/3
  1201 | D:2      | Reached skill level 5 in Axes
  1699 | D:3      | Reached skill level 5 in Fighting
  1838 | D:3      | Reached *** piety under Trog
  1838 | D:3      | Reached XP level 5. HP: 48/48 MP: 4/4
  1848 | D:3      | Reached skill level 6 in Axes
  1986 | D:3      | Reached XP level 6. HP: 31/56 MP: 5/5
  2134 | D:3      | Reached skill level 7 in Axes
  2945 | D:4      | Found a radiant altar of Vehumet.
  2945 | D:4      | Found a shattered altar of Ashenzari.
  3100 | D:4      | Found a sand-covered staircase.
  3103 | D:4      | Reached XP level 7. HP: 47/61 MP: 6/6
  3314 | D:4      | Reached skill level 8 in Axes
  3467 | Ossuary  | Entered an ossuary
  3511 | Ossuary  | Reached **** piety under Trog
  3573 | Ossuary  | Reached skill level 5 in Armour
  3821 | Ossuary  | Reached XP level 8. HP: 31/70 MP: 7/7
  3994 | D:5      | Entered Level 5 of the Dungeon
  4036 | D:5      | Reached skill level 9 in Axes
  4192 | D:5      | Noticed Blork the orc
  4199 | D:5      | Killed Blork the orc
  4224 | D:5      | Noticed Sigmund
  4292 | D:5      | Noticed Naridas's ghost (novice GrFE)
  4294 | D:5      | Killed from afar by Naridas's ghost

Skill      XL: |  1  2  3  4  5  6  7  8 |
---------------+-------------------------+-----
Axes           | 4 5 6 7 8 9 |  9.2
Fighting       | 4 5 6 |  6.3
Armour         | 3 4 5 6 |  6.6
Dodging        | 3 |  3.2
Stealth        | |  0.1

Action                   |  1- 3 |  4- 6 |  7- 9 || total
-------------------------+-------+-------+-------++-------
Melee: Hand axe          |    71 |   206 |   204 ||   481
       Headbutt          |     6 |    33 |    56 ||    95
  Use: Potion            |     1 |     4 |     3 ||     8
       Scroll            |     1 |     4 |     6 ||    11
  Eat: Chunk             |       |     7 |     1 ||     8
       Ration            |       |       |     1 ||     1
Armor: Animal skin       |    18 |       |       ||    18
       Plate armour      |       |   121 |   100 ||   221
Dodge: Dodged            |    48 |    72 |    68 ||   188
